 Dungeon Crawl Stone Soup version 0.25-a0-645-gb4487340cb (webtiles) character file.

Game seed: 998433124530356535, levelgen mode: deterministic

44 An17 the Cutter (level 3, 27/27 HPs)
             Began as a Vampire Gladiator on Mar 21, 2020.
             Safely got out of the dungeon.
             The game lasted 00:03:39 (704 turns).

An17 the Cutter (Vampire Gladiator)                  Turns: 704, Time: 00:03:39

Health: 27/27      AC:  4    Str: 13    XL:     3   Next: 39%
Magic:  3/3        EV: 13    Int: 10    God:
Gold:   66         SH:  0    Dex: 16    Spells: 2/2 levels left

rFire    . . .     SeeInvis +   a - +1 rapier
rCold    . . .     Gourm    .   (no shield)
rNeg     . . .     Faith    .   b - +0 leather armour
rPois    .         Spirit   .   c - +0 helmet
rElec    .         Reflect  .   (no cloak)
rCorr    .         Harm     .   (no gloves)
MR       .....                  (no boots)
Stlth    +.........             (no amulet)
HPRegen  0.29/turn              (no ring)
MPRegen  0.08/turn              (no ring)

@: regenerating quickly
A: no food, fangs 3, see invisible, unbreathing
a: Exsanguinate


You escaped.
You were alive.

You visited 1 branch of the dungeon, and saw 2 of its levels.

You collected 66 gold pieces.

Inventory:

Hand Weapons
 a - a +1 rapier (weapon)
Missiles
 d - 3 throwing nets (quivered)
Armour
 b - a +0 leather armour (worn)
 c - a +0 helmet (worn)
 g - a +0 chain mail
Scrolls
 f - a scroll of identify
 j - a scroll of enchant weapon
Potions
 e - a potion of stabbing
 h - a potion of degeneration {unknown}
 i - a potion of lignification {unknown}


   Skills:
 + Level 1.8 Fighting
 + Level 4.6 Short Blades
 + Level 1.5 Throwing
 + Level 3.6 Dodging


You had 2 spell levels left.
You didn't know any spells.
Your spell library was empty.

Dungeon Overview and Level Annotations

Branches:
Dungeon (2/15)

Altars:


Innate Abilities, Weirdness & Mutations

You do not eat.
Your natural rate of healing is unusually fast.
You have razor-sharp teeth.
You have supernaturally acute eyesight. (SInv)
You can survive without breathing.


Message History

The kobold shouts!
There is a stone staircase leading down here.
A kobold is nearby!
You hit the kobold but do no damage. The kobold barely misses you.
You hit the kobold.
The kobold is heavily wounded.
The kobold barely misses you.
You hit the kobold.
You kill the kobold!
No target in view!
No target in view!
You see here a giant cockroach corpse.
There is a stone staircase leading up here.
You climb upwards.
There is a stone staircase leading down here.
There is a large open door here.
There is an open door here.
There is a staircase leading out of the dungeon here.
Are you sure you want to leave the Dungeon?
This will make you lose the game!
You have escaped!

#..........####.......
#######.....................
#......%...............>....
#.......[.................##
#..########'########......#
#..####.........####......#
#..##...#.....#...##......#
#..#..#...#'#...#..#......#
#..'.....##@##.....'......#
#..'.....##>##.....'......#
#..#..#...#+#...#..#......#
#..##...#.....#...##......#
#.)####.........####...####
#..########'########...#
#......................#
#.....=................#####
###..........##.............


There were no monsters in sight!

Vanquished Creatures
  An adder (D:2)
  3 dart slugs
  2 leopard geckos (D:2)
  3 giant cockroaches
  5 goblins
  A hobgoblin (D:2)
  3 kobolds (D:2)
  2 ball pythons
  3 frilled lizards
  4 rats
27 creatures vanquished.

Notes
Turn   | Place    | Note
-------+----------+-------------------------------------------
     0 | D:1      | An17 the Vampire Gladiator began the quest for the Orb.
     0 | D:1      | Reached XP level 1. HP: 16/16 MP: 1/1
   171 | D:1      | Reached XP level 2. HP: 12/22 MP: 2/2
   512 | D:2      | Reached skill level 4 in Short Blades
   585 | D:2      | Reached XP level 3. HP: 26/27 MP: 3/3
   704 | D:$      | Safely got out of the dungeon.

Levels and vault maps discovered:
D:1:      dpeg_arrival_refuge, layout_rooms
D:2:      layout_basic, lemuel_crystal_altar, first_ration,
          minmay_misc_feat_nine_boxes

Skill      XL: |  1  2 |
---------------+-------+-----
Short Blades   | 4 |  4.6
Fighting       | |  1.8
Throwing       | |  1.5
Dodging        | |  3.6

Action                   || total
-------------------------++-------
Melee: Rapier            ||    86
       Bite              ||     6
  Use: Scroll            ||     6
 Stab: Sleeping          ||     1
Armor: Leather armour    ||    25
Dodge: Dodged            ||    44

Table legend:
 A = Non-vault XP
 B = Vault XP
 C = Vault XP percentage of total XP
 D = Non-vault monster count
 E = Vault monster count
 F = Vault count percentage of total count
                 A         B        C        D         E       F
            +---------+---------+-------+---------+---------+-------
      Total |      63 |       0 |   0.0 |      27 |       0 |   0.0
            +---------+---------+-------+---------+---------+-------
        D:1 |      14 |       0 |   0.0 |       8 |       0 |   0.0
        D:2 |      49 |       0 |   0.0 |      19 |       0 |   0.0
            +---------+---------+-------+---------+---------+-------
